 Dungeon Crawl Stone Soup version 0.29.1-2-gbd0b4ee654 (webtiles) character file.

Game seed: 4524931535899550097

62 safid the Shooter (level 3, -1/33 HPs)
             Began as a Minotaur Hunter on Nov 21, 2022.
             Slain by Natasha (8 damage)
             ... on level 2 of the Dungeon.
             The game lasted 00:02:08 (990 turns).

safid the Shooter (Minotaur Hunter)                  Turns: 990, Time: 00:02:08

Health: -1/33      AC:  6    Str: 15    XL:     3   Next: 85%
Magic:  2/2        EV: 10    Int:  6    God:
Gold:   44         SH:  0    Dex: 15    Spells: 2/2 levels left

rFire   . . .      SeeInvis .   a - +0 shortbow
rCold   . . .      Faith    .   (shield currently unavailable)
rNeg    . . .      Spirit   .   o - +0 scale mail
rPois   +          Reflect  .   (helmet restricted)
rElec   .          Harm     .   (no cloak)
rCorr   .          Rampage  .   (no gloves)
Will    .....                   (no boots)
Stlth   ..........              (no amulet)
HPRegen 0.11/turn               j - ring of poison resistance
MPRegen 0.08/turn               (no ring)

@: no status effects
A: horns 2, retaliatory headbutt
a: no special abilities


You were on level 2 of the Dungeon.
You visited 1 branch of the dungeon, and saw 2 of its levels.

You collected 44 gold pieces.

Inventory:

Hand Weapons
 a - a +0 shortbow (weapon)
Armour
 o - a +0 scale mail (worn)
Jewellery
 j - a ring of poison resistance (left hand)
 l - a ring of ice
Scrolls
 e - a scroll of blinking {unknown}
 f - a scroll of identify {unknown}
 h - a scroll of enchant armour {unknown}
 i - 2 scrolls of teleportation {unknown}
 k - a scroll of brand weapon {unknown}
 n - a scroll of poison {unknown}
Potions
 d - 3 potions of curing {unknown}
 g - a potion of ambrosia {unknown}
 m - a potion of attraction {unknown}


   Skills:
 + Level 4.0 Fighting
 + Level 5.3 Ranged Weapons
 - Level 2.1 Dodging
 - Level 0.7 Stealth


You had 2 spell levels left.
You didn't know any spells.
Your spell library contained the following spells:

 Spells                   Type           Power      Damage    Failure   Level
 Freeze                   Ice            0%         1d3       91%         1
 Frozen Ramparts          Ice            0%         1d1       99%         3
 Hailstorm                Conj/Ice       0%         3d3       100%        4


Dungeon Overview and Level Annotations

Branches:
Dungeon (2/15)

Altars:

Annotations:
D:2 Natasha


Innate Abilities, Weirdness & Mutations

You have a pair of horns on your head.
You reflexively headbutt those who attack you in melee.


Message History

Natasha claws you but does no damage. x2; The rat closely misses you.
You shoot an arrow. The arrow hits Natasha.
Natasha is moderately wounded.
Natasha closely misses you. The rat bites you but does no damage.
You shoot an arrow. The arrow completely misses Natasha.
Natasha claws you. The rat bites you. Natasha claws you.
The rat closely misses you.
You are too injured to fight recklessly!
You are too injured to fight recklessly!
You are too injured to fight recklessly!
You are too injured to fight recklessly!
You are too injured to fight recklessly!
You are too injured to fight recklessly!
You are too injured to fight recklessly!
You are too injured to fight recklessly!
You are too injured to fight recklessly!
You are too injured to fight recklessly!
You are too injured to fight recklessly!
You are too injured to fight recklessly!
Fire: a) +0 shortbow
Press: ? - help, Q - select action Shift-Dir - straight line, f/p - Natasha
Aim: Natasha (moderately wounded, 56% to hit)
You shoot an arrow. The arrow closely misses Natasha.
Natasha claws you. The rat closely misses you.
Unknown command.
Fire: a) +0 shortbow
Press: ? - help, Q - select action Shift-Dir - straight line, f/p - Natasha
Aim: Natasha (moderately wounded, 56% to hit)
You shoot an arrow. The arrow hits Natasha!
Natasha is almost dead.
Natasha casts a spell at you. The magic dart hits you.
* * * LOW HITPOINT WARNING * * *
The rat bites you but does no damage. Natasha barely misses you.
Unknown command.
Fire: a) +0 shortbow
Press: ? - help, Q - select action Shift-Dir - straight line, f/p - Natasha
Aim: Natasha (almost dead, 56% to hit)
You shoot an arrow. The arrow closely misses Natasha.
The rat bites you but does no damage. Natasha claws you!
You die...

..'...............[.....
..#......#######.#####.#
..#......#... ##.#
..########:...#..# ..#
#.......#####.# ..#
......#)†.....# ..#
.....##.####### ###
.....##.# #......@#
####..rh# #..$.# #....#
#..... #.?.## #... #...


You could see Natasha and a rat.

Vanquished Creatures
  Natasha (D:2)
  A worm (D:2)
  2 bats (D:1)
  5 endoplasms
  2 giant cockroaches
  4 goblins
  A quokka (D:2)
  7 ball pythons
  4 frilled lizards
  4 kobolds
  2 rats
33 creatures vanquished.

Notes
Turn   | Place    | Note
-------+----------+-------------------------------------------
     0 | D:1      | safid the Minotaur Hunter began the quest for the Orb.
     0 | D:1      | Reached XP level 1. HP: 18/18 MP: 0/0
   229 | D:1      | Reached XP level 2. HP: 26/26 MP: 1/1
   812 | D:2      | Noticed Natasha
   815 | D:2      | Killed Natasha
   816 | D:2      | Reached skill level 5 in Ranged Weapons
   816 | D:2      | Reached XP level 3. HP: 30/33 MP: 2/2
   979 | D:2      | Noticed Natasha
   990 | D:2      | Slain by Natasha

Illustrated notes

Levels and vault maps discovered:
D:1:      dpeg_arrival_refuge, layout_rooms
D:2:      layout_basic, uniq_natasha, uniq_terence

Skill      XL: |  1  2  3 |
---------------+----------+-----
Fighting       | 3 4 |  4.0
Ranged Weapons | 5 |  5.3
Dodging        | |  2.1
Stealth        | |  0.7

Action                   || total
-------------------------++-------
 Fire: Shortbow          ||    90
Armor: Leather armour    ||     3
       Scale mail        ||     9
Dodge: Dodged            ||    31
